 Dungeon Crawl Stone Soup version 0.26-a0-966-gd078a86f14 (webtiles) character file.

Game seed: 14576751423755586342

16672 KristoblXynda the Nimble (level 12, -11/65 HPs)
             Began as a Spriggan Berserker on Dec 3, 2020.
             Was the Champion of Trog.
             Mangled by Jorgrun
             ... wielding a +0 vorpal quarterstaff
              (15 damage)
             ... on level 13 of the Dungeon.
             The game lasted 00:25:20 (13949 turns).

KristoblXynda the Nimble (Spriggan Berserker)      Turns: 13949, Time: 00:25:21

Health: -11/65     AC: 10    Str: 13    XL:     12   Next: 12%
Magic:  13/13      EV: 26    Int: 11    God:    Trog [******]
Gold:   669        SH:  0    Dex: 18    Spells: 11/11 levels left

rFire    . . .     SeeInvis +   I - +8 quick blade (vorpal)
rCold    . . .     Faith    .   (shield restricted)
rNeg     . . .     Spirit   .   J - +0 acid dragon scales
rPois    +         Reflect  .   (helmet restricted)
rElec    .         Harm     .   (no cloak)
rCorr    +         Rampage  .   (gloves unavailable)
MR       ++...                  (boots unavailable)
Stlth    ++++......             (no amulet)
HPRegen  0.20/turn              H - +4 ring of protection (curse)
MPRegen  0.13/turn              f - ring of poison resistance

@: grasped by roots, berserk cooldown, constricted, very quick
A: very small, unfitting armour, see invisible, speed 3
a: Berserk, Trog's Hand, Brothers in Arms, Renounce Religion


You were on level 13 of the Dungeon.
You worshipped Trog.
Trog was exalted by your worship.
You visited 2 branches of the dungeon, and saw 14 of its levels.
You also visited: Bailey.

You collected 1149 gold pieces.
You spent 480 gold pieces at shops.

Inventory:

Hand Weapons
 I - a +8 vorpal quick blade (weapon)
Missiles
 o - 9 throwing nets
Armour
 A - a +2 robe of positive energy
 E - a +0 cloak
 J - +0 acid dragon scales (worn)
Jewellery
 f - a ring of poison resistance (right hand)
 h - a +4 ring of evasion
 y - a +6 ring of intelligence
 H - a cursed +4 ring of protection (left hand)
Wands
 n - a wand of iceblast (5)
 q - a wand of acid (17)
 u - a wand of digging (1)
 G - a wand of disintegration (7)
 K - a wand of paralysis (5)
Scrolls
 a - a scroll of amnesia
 b - 2 scrolls of identify
 c - 3 scrolls of teleportation
 g - 5 scrolls of fog
 p - 6 scrolls of remove curse
 x - a scroll of holy word
 B - a scroll of immolation
 F - a scroll of brand weapon
Potions
 d - a potion of cancellation
 e - a potion of lignification
 i - a potion of resistance
 j - 6 potions of flight
 k - 2 potions of ambrosia
 l - 3 potions of heal wounds
 m - 2 potions of attraction
 r - a potion of might
 s - 2 potions of curing
 t - 3 potions of haste
 v - a potion of brilliance
 w - a potion of magic
 C - a potion of berserk rage
Miscellaneous
 z - a box of beasts


   Skills:
 + Level 8.7 Fighting
 + Level 11.2 Short Blades
 + Level 2.7 Armour
 + Level 14.0 Dodging
 - Level 10.3 Stealth
 + Level 9.3 Evocations


You had 11 spell levels left.
You didn't know any spells.
Your spell library contained the following spells:

 Spells                   Type           Power        Failure   Level
 Animate Skeleton         Necr           #.....       45%         1
 Apportation              Tloc           #.....       45%         1
 Corona                   Hex            #......      45%         1
 Shock                    Conj/Air       #...         45%         1
 Summon Small Mammal      Summ           #...         45%         1
 Call Imp                 Summ           #.......     61%         2
 Swiftness                Air            #.......     61%         2
 Call Canine Familiar     Summ           #.......     83%         3
 Static Discharge         Conj/Air       #.......     83%         3
 Summon Guardian Golem    Hex/Summ       #.......     83%         3
 Airstrike                Air            #.........   99%         4
 Summon Ice Beast         Ice/Summ       #.......     99%         4
 Summon Lightning Spire   Summ/Air       #.......     99%         4
 Lightning Bolt           Conj/Air       #.........   100%        5


Dungeon Overview and Level Annotations

Branches:
Dungeon (13/15)            Temple (1/1) D:6            Lair (0/6) D:8
    Orc (0/2) D:12         Bailey (visited)
 Vaults: D:13-14

Altars:
Ashenzari
Cheibriados
Dithmenos
Elyvilon
Fedhas
Gozag
Hepliaklqana
Kikubaaqudgha
Makhleb
Nemelex Xobeh
Okawaru
Qazlal
Ru
Sif Muna
Trog
Uskayaw
Vehumet
Wu Jian
Xom
Yredelemnul
Zin
The Shining One

Shops:
D:11 *   D:12 [(

Annotations:
D:8 1 runed translucent door, KristoblXynda's ghost, novice DrGl
D:13 Jorgrun


Innate Abilities, Weirdness & Mutations

You are very small and have problems with some larger weapons.
You are too small for most types of armour.
You have supernaturally acute eyesight. (SInv)
You cover ground extremely quickly.


Message History

Jorgrun casts a spell at you.
Roots burst forth from the earth!
The grasping roots grab you! The grasping roots constrict you.
The roots' grasp on you weakens, but your attempt to escape fails.
* * * LOW HITPOINT WARNING * * *
The grasping roots constrict you!
You escape the roots' grasp.
You feel yourself speed up. Jorgrun casts a spell at you.
Roots burst forth from the earth!
The grasping roots grab you!
* * * LOW HITPOINT WARNING * * *
The grasping roots constrict you!
Unknown command.
Blink to where?
Press: ? - help, Dir - move target The roots' grasp on you weakens, but your attempt to escape fails.
As you read the scroll of blinking, it crumbles to dust.
You die...

### #.....u.5J..>...##.).)..
###..##.........u...### .....
........C...........# ....
.................#### ...
.......e.........##.##. ..
#......5...K........#.. .
.......................
.......................
###...^.......@......... ...
...$..........#.......###...#
#.....#..........##......#...#.
#.....#.......................
...##.....g..........##. ##
#................#..
.....#####............ #...#
#............. .....
#.............


You could see Jorgrun, a cyan ugly thing (wandering), a cyclops (wandering), a
deep elf mage, a kobold demonologist and an ufetubus (summoned).

Vanquished Creatures
  A boulder beetle (D:13)
  A hydra (D:12)
  2 centaur warriors
  Pikel (D:4)
  A manticore (D:11)
  Maurice (D:13)
  2 gargoyles
  5 trolls
  A polar bear (D:8)
  A wraith (D:9)
  14 yaks
  Sigmund (D:4)
  A wyvern (D:9)
  Menkaure (D:4)
  Edmund (D:5)
  A water moccasin (D:12)
  A soldier ant (D:13)
  5 ice beasts
  2 necrophages
  5 sky beasts
  4 black bears
  5 orc warriors
  2 phantoms
  5 ogres
  A wolf (D:8)
  9 centaurs
  3 big kobolds
  4 bullfrogs
  6 gnoll sergeants (Bailey)
  5 scorpions
  10 killer bees
  17 wights
  10 howler monkeys
  A bullfrog zombie (D:12)
  A quasit (D:12)
  3 centaur zombies
  4 orc priests
  7 hounds
  6 gnoll shamans (Bailey)
  3 bullfrog skeletons
  5 orc wizards
  A centaur skeleton (D:10)
  Terence (D:2)
  4 iguanas
  11 worker ants
  A hound zombie (D:11)
  Robin (D:2)
  A hound skeleton (D:6)
  A howler monkey zombie (D:10)
  14 gnolls (Bailey)
  8 adders
  6 white imps
  2 ufetubi
  An ooze (D:1)
  An adder skeleton (D:4)
  A worm (D:2)
  3 dart slugs
  6 leopard geckos
  33 orcs
  10 bats
  4 giant cockroaches
  12 hobgoblins
  28 jackals
  3 quokkas
  2 ball pythons (D:1)
  6 frilled lizards
  23 goblins
  2 jackal skeletons (D:4)
  12 kobolds
  A quokka simulacrum (D:8)
  14 rats
  A butterfly (D:6)
373 creatures vanquished.

Vanquished Creatures (collateral kills)
  2 gnoll sergeants (Bailey)
2 creatures vanquished.

Vanquished Creatures (others)
  A plant (D:1)
1 creature vanquished.

Grand Total: 376 creatures vanquished

Notes
Turn   | Place    | Note
-------+----------+-------------------------------------------
     0 | D:1      | KristoblXynda the Spriggan Berserker began the quest for
                  | the Orb.
     0 | D:1      | Reached XP level 1. HP: 11/11 MP: 2/2
   107 | D:1      | Reached skill level 1 in Stealth
   116 | D:1      | Reached XP level 2. HP: 10/16 MP: 3/3
   563 | D:1      | Reached ** piety under Trog
   708 | D:1      | Reached XP level 3. HP: 18/19 MP: 4/4
   717 | D:1      | Reached skill level 5 in Dodging
  1226 | D:2      | Noticed Terence
  1231 | D:2      | Killed Terence
  1552 | D:2      | Reached XP level 4. HP: 23/23 MP: 5/5
  1884 | D:2      | Noticed Robin
  1940 | D:2      | Killed Robin
  1941 | D:2      | Reached XP level 5. HP: 22/28 MP: 6/6
  2463 | D:3      | Reached *** piety under Trog
  3112 | D:3      | Found a bloodstained altar of Trog.
  3176 | D:4      | Noticed Sigmund
  3179 | D:4      | Noticed Menkaure
  3186 | D:4      | Killed Menkaure
  3187 | D:4      | Reached skill level 6 in Dodging
  3187 | D:4      | Reached XP level 6. HP: 32/32 MP: 7/7
  3191 | D:4      | Killed Sigmund
  3192 | D:4      | Reached skill level 5 in Short Blades
  3192 | D:4      | Reached skill level 5 in Stealth
  3349 | D:4      | Reached XP level 7. HP: 37/37 MP: 8/8
  3458 | D:4      | Reached skill level 7 in Dodging
  3531 | D:4      | Noticed Pikel
  3698 | D:4      | Found a radiant altar of Vehumet.
  3698 | D:4      | Found a blossoming altar of Fedhas.
  3698 | D:4      | Found a basalt altar of Yredelemnul.
  4079 | D:4      | Found a white marble altar of Elyvilon.
  4249 | D:4      | Killed Pikel
  4250 | D:4      | Reached skill level 8 in Dodging
  4250 | D:4      | Reached XP level 8. HP: 42/42 MP: 9/9
  4461 | D:5      | Entered Level 5 of the Dungeon
  4619 | D:5      | Noticed Edmund
  4631 | D:5      | Killed Edmund
  4802 | D:5      | Reached **** piety under Trog
  4905 | D:5      | Found a shimmering altar of Xom.
  5094 | D:5      | Reached skill level 5 in Fighting
  5275 | D:5      | Reached skill level 9 in Dodging
  6131 | D:6      | Reached XP level 9. HP: 31/47 MP: 10/10
  6430 | D:6      | Found a staircase to the Ecumenical Temple.
  6435 | Temple   | Entered the Ecumenical Temple
  6984 | D:7      | Found a flagged portal.
  7009 | D:7      | Reached skill level 10 in Dodging
  7022 | Bailey   | Entered a bailey
  7296 | Bailey   | Reached skill level 10 in Stealth
  7685 | Bailey   | Reached ***** piety under Trog
  8127 | Bailey   | Reached skill level 1 in Evocations
  8852 | D:7      | Reached skill level 11 in Dodging
  8973 | D:8      | Reached XP level 10. HP: 53/53 MP: 11/11
  9191 | D:8      | Found a staircase to the Lair.
  9845 | D:8      | Found a runed translucent door.
  9845 | D:8      | Noticed KristoblXynda's ghost (novice DrGl)
 10094 | D:9      | Reached skill level 5 in Evocations
 10291 | D:9      | Reached skill level 12 in Dodging
 10545 | D:9      | Found a hazy altar of Hepliaklqana.
 10818 | D:10     | Entered Level 10 of the Dungeon
 11191 | D:10     | Got a crystal rapier
 11192 | D:10     | Identified the +1 rapier of the Five Deaths {speed,
                  | *Corrode rF- MR+++ SInv} (You found it on level 10 of the
                  | Dungeon)
 11457 | D:10     | Reached ****** piety under Trog
 11600 | D:10     | Received a gift from Trog
 11687 | D:10     | Noticed a gargoyle
 11698 | D:10     | Killed a gargoyle
 11699 | D:10     | Reached XP level 11. HP: 58/58 MP: 12/12
 11792 | D:10     | Reached skill level 10 in Short Blades
 12161 | D:11     | Found Gyhosayly's General Store.
 12231 | D:11     | Noticed a centaur warrior
 12235 | D:11     | Killed a centaur warrior
 12265 | D:11     | Reached skill level 13 in Dodging
 12709 | D:12     | Noticed a centaur warrior
 12726 | D:12     | Killed a centaur warrior
 12727 | D:12     | Reached skill level 1 in Armour
 13141 | D:12     | Found Neakkipt's Armour Emporium.
 13151 | D:12     | Found a staircase to the Orcish Mines.
 13153 | D:12     | Found Luyqeown's Weapon Emporium.
 13341 | D:12     | Received a gift from Trog
 13498 | D:12     | Noticed a five-headed hydra
 13501 | D:12     | Killed a five-headed hydra
 13796 | D:12     | Bought +0 acid dragon scales for 480 gold pieces
 13825 | D:13     | Noticed a boulder beetle
 13832 | D:13     | Killed a boulder beetle
 13833 | D:13     | Reached XP level 12. HP: 65/65 MP: 13/13
 13876 | D:13     | Reached skill level 14 in Dodging
 13901 | D:13     | Noticed Maurice
 13917 | D:13     | Noticed Jorgrun
 13935 | D:13     | Killed Maurice
 13949 | D:13     | Mangled by Jorgrun

Illustrated notes

Levels and vault maps discovered:
D:1:      erik_arrival_triangle_large, layout_loops_ring, serial_forest,
          infiniplex_forest_clump_medium, infiniplex_forest_clump_curved,
          infiniplex_forest_lined_room_3, infiniplex_forest_straight_4,
          infiniplex_forest_end_double, infiniplex_forest_diagonal,
          infiniplex_forest_end_double, st_stairs_9, serial_bayou_pond_d
D:2:      layout_rooms, kennysheep_generic_room_12, uniq_robin, uniq_terence
D:3:      layout_basic, marbit_many_paths
D:4:      layout_loops_corners, gammafunk_temple_overflow_claw,
          lemuel_coloured_pillars_altar, uniq_pikel, uniq_menkaure, uniq_sigmund
D:5:      layout_basic, basic_altar, uniq_edmund
D:6:      layout_loops_cross, minmay_temple_entry_butterflies
D:7:      layout_loops_ring, serial_glass, glass_columns_c, glass_columns_b,
          due_unseen_surprise, feat_on_display, item_on_display_a,
          enter_bailey_5
D:8:      layout_cave_pools, lair_entry_dummy, serial_ice, serial_ice_o,
          serial_ice_a, serial_ice_g, serial_ice_b, serial_ice_d, serial_ice_k,
          serial_ice_e, ebering_ghost_inner_flame
D:9:      layout_loops_ring, old_standard_altar
D:10:     layout_rooms
D:11:     layout_basic, serial_shops, kennysheep_mini
D:12:     layout_irregular_city, orc_david_3
D:13:     layout_cave_pools, uniq_maurice, uniq_jorgrun
Temple:   eino_temple_rhombus

Skill      XL: |  1  2  3  4  5  6  7  8  9 10 11 12 |
---------------+-------------------------------------+-----
Stealth        | 1 2 3 4 5 7 9 10 | 10.3
Dodging        | 5 6 8 9 11 12 13 14 | 14.0
Short Blades   | 4 5 6 7 8 9 11 | 11.2
Fighting       | 3 4 5 6 7 8 |  8.7
Evocations     | 2 6 9 |  9.3
Armour         | 2 |  2.7

Action                   |  1- 3 |  4- 6 |  7- 9 | 10-12 || total
-------------------------+-------+-------+-------+-------++-------
Melee: Short sword       |   118 |   218 |   205 |       ||   541
       Scimitar          |       |       |   157 |   151 ||   308
       Rapier            |       |       |       |   171 ||   171
       Quick blade       |       |       |       |   326 ||   326
Invok: Berserk           |     3 |     4 |    13 |    16 ||    36
       Trog's Hand       |       |     1 |       |       ||     1
Evoke: Wand              |       |       |     9 |     3 ||    12
       Box of beasts     |       |       |     1 |       ||     1
  Use: Scroll            |       |     1 |    17 |    15 ||    33
 Stab: Sleeping          |     5 |     7 |    24 |    21 ||    57
       Distracted        |       |       |     2 |     1 ||     3
Armor: Animal skin       |    10 |    17 |     8 |       ||    35
       Robe              |       |       |       |    15 ||    15
       Acid dragon scale |       |       |       |     2 ||     2
Dodge: Dodged            |   120 |   206 |   380 |   505 ||  1211
       Rpst.: Scimitar   |       |       |    44 |    72 ||   116

Table legend: (Time is in decaauts)
 A = Elapsed time spent in this place.
 B = Non-inter-level travel time spent in this place.
 C = Inter-level travel time spent in this place.
 D = Time resting spent in this place.
 E = Time spent auto-exploring this place.
 F = Levels seen in this place.
 G = Mean time per level.
                   A        B        C        D        E       F      G
               +--------+--------+--------+--------+--------+-----+--------+
         Total |  10854 |  10659 |    195 |   4413 |   3860 |  15 |  723.6 |
       Dungeon |   9491 |   9307 |    184 |   3439 |   3738 |  13 |  730.1 |
        Temple |    112 |    101 |     11 |      0 |     99 |   1 |  112.0 |
        Bailey |   1250 |   1250 |      0 |    974 |     22 |   1 | 1250.0 |
               +--------+--------+--------+--------+--------+-----+--------+

Top non-repeatable levels by time:
  Bailey: 1250 daAuts
     D:2: 988 daAuts
     D:4: 985 daAuts
     D:8: 974 daAuts
     D:1: 905 daAuts
     D:9: 881 daAuts
     D:5: 859 daAuts
     D:6: 758 daAuts
    D:12: 757 daAuts
    D:10: 693 daAuts
     D:3: 614 daAuts
     D:7: 610 daAuts
    D:11: 385 daAuts
  Temple: 112 daAuts
    D:13: 78 daAuts
